 Dungeon Sprint DCSS version 0.30-a0-374-g95c0257040 (webtiles) character file.

Game seed: 7092108327059590529

2 McGhostyFace the Nimble (level 1, -1/14 HPs)
             Began as a Gnoll Wanderer on Nov 26, 2022.
             Slain by a scorpion (2 damage)
             ... in the Dungeon (Sprint III: "The Ten Rune Challenge").
             The game lasted 00:00:50 (56 turns).

McGhostyFace the Nimble (Gnoll Wanderer)              Turns: 56, Time: 00:00:50

Health: -1/14      AC:  5    Str: 11    XL:     1   Next: 40%
Magic:  4/4        EV: 16    Int:  8    God:
Gold:   0          SH:  0    Dex: 14    Spells: 5/5 levels left

rFire   . . .      SeeInvis .    a - +0 hand axe
rCold   . . .      Faith    .    (no shield)
rNeg    . . .      Spirit   .    b - +2 leather armour
rPois   .          Reflect  .    (no helmet)
rElec   .          Harm     .    (no cloak)
rCorr   .          Rampage  .    (no gloves)
Will    .....      NoTele   +    (no boots)
Stlth   ++........               (no amulet)
HPRegen 0.22/turn                (no ring)
MPRegen 0.09/turn                (no ring)

@: lethally poisoned (-1 -> -6), hasted, very quick
A: fangs 1, strong nose, distributed training
a: no special abilities


You were in the Dungeon.
You visited 1 branch

Inventory:

Hand Weapons
 a - a +0 hand axe (weapon)
Armour
 b - a +2 leather armour (worn)
Scrolls
 i - a scroll of blinking
Potions
 c - 2 potions of lignification
 d - a potion of curing
 e - a potion of heal wounds
 g - 2 potions of magic
 h - a potion of berserk rage
 j - a potion of ambrosia {unknown}


   Skills:
 + Level 0.6 Fighting
 + Level 0.6 Short Blades
 + Level 0.6 Long Blades
 + Level 4.5 Axes
 + Level 0.6 Maces & Flails
 + Level 0.6 Polearms
 + Level 0.6 Staves
 + Level 0.6 Ranged Weapons
 + Level 0.6 Throwing
 + Level 0.6 Armour
 + Level 10.4 Dodging
 + Level 2.3 Stealth
 + Level 0.6 Shields
 + Level 0.6 Unarmed Combat
 + Level 2.8 Spellcasting
 + Level 0.4 Conjurations
 + Level 0.4 Hexes
 + Level 0.4 Summonings
 + Level 0.4 Necromancy
 + Level 0.4 Translocations
 + Level 0.4 Transmutations
 + Level 0.4 Fire Magic
 + Level 0.4 Ice Magic
 + Level 0.4 Air Magic
 + Level 0.4 Earth Magic
 + Level 0.4 Poison Magic
 + Level 0.8 Invocations
 + Level 2.5 Evocations


You had 5 spell levels left.
You didn't know any spells.
Your spell library was empty.

Dungeon Overview and Level Annotations

Branches:
Dungeon (1/1)

Altars:


Innate Abilities, Weirdness & Mutations

You have very sharp teeth.
Your uncanny sense of smell can sniff out nearby items.
Your experience applies equally to all skills.


Message History

The rat barely misses you.
You barely miss the rat. The rat closely misses you.
You hit the rat.
You kill the rat!
You see here a rat corpse.
j - a fuming white potion You open the door.
There is an open door here.
A scorpion comes into view.
A human comes into view.
The scorpion stings you.
You hit the scorpion but do no damage.
You bite the scorpion, but do no damage.
The scorpion barely misses you.
You feel yourself speed up.
The human shouts!
The scorpion stings you.
You are lethally poisoned!
The scorpion poisons you!
The scorpion stings you but does no damage.
You barely miss the scorpion.
You feel very sick.
You barely miss the scorpion.
* * * LOW HITPOINT WARNING * * *
You feel sick. The scorpion closely misses you.
You hit the scorpion.
The scorpion is lightly wounded.
* * * LOW HITPOINT WARNING * * *
You feel sick. The scorpion barely misses you.
You closely miss the scorpion.
You bite the scorpion, but do no damage.
The scorpion is lightly wounded.
* * * LOW HITPOINT WARNING * * *
You feel sick. The scorpion misses you.
You barely miss the scorpion.
You bite the scorpion, but do no damage.
The scorpion is lightly wounded.
* * * LOW HITPOINT WARNING * * *
You feel sick. The scorpion stings you.
You die...

▓▓▓▓ ▓▓▓▓▓▓
▓<.#∆∆+....♣♣
▓..#∆∆#..s..♣♣
▓#'####.@..♣.♣
▓.†...#....~.♣
▓.....#...~~.♣
▓....)#..~~~~♣.
▓####'#..~≈≈p~~♣
▓..†..#.~~≈~~~..
▓...†.#.~≈~~~...
▓.....#.~~~.....
▓'#####.........


You could see a human and a scorpion.

Vanquished Creatures
  4 rats (D)
4 creatures vanquished.

Notes
Turn   | Place    | Note
-------+----------+-------------------------------------------
     0 | D        | Reached skill level 10 in Dodging
     0 | D        | McGhostyFace the Gnoll Wanderer began the quest for the
                  | Orb.
     0 | D        | McGhostyFace set off with the following items: a +0 hand
                  | axe, a +2 leather armour, 2 potions of lignification, a
                  | potion of curing, a potion of heal wounds, a potion of
                  | haste, 2 potions of magic, a potion of berserk rage, a
                  | scroll of blinking.
     0 | D        | Reached XP level 1. HP: 13/13 MP: 4/4
    43 | D        | Noticed a scorpion
    56 | D        | Slain by a scorpion

Illustrated notes

Levels and vault maps discovered:
D:        dungeon_sprint_mu [sprint_mu_entry_forest, sprint_mu_temple_rooms,
          sprint_mu_d1_spiders, sprint_mu_d2_genie, sprint_mu_d3_branching,
          sprint_mu_orc_legion, sprint_mu_elf_gauntlet, sprint_mu_hive_nellie,
          sprint_mu_lair_fedhas, sprint_mu_vaults_butterflies,
          sprint_mu_slime_circle, sprint_mu_shoals_archi,
          sprint_mu_snake_twists, sprint_mu_blade_basic,
          sprint_mu_crypt_chambers, sprint_mu_tomb_spiral,
          sprint_mu_vestibule_basic, sprint_mu_gehenna_hellfire,
          sprint_mu_dis_giant, sprint_mu_tartarus_statrot,
          sprint_mu_cocytus_islands, sprint_mu_zot1]

Skill      XL: | |
---------------+-+-----
Dodging        | | 10.4
Fighting       | |  0.6
Short Blades   | |  0.6
Long Blades    | |  0.6
Axes           | |  4.5
Maces & Flails | |  0.6
Polearms       | |  0.6
Staves         | |  0.6
Ranged Weapons | |  0.6
Throwing       | |  0.6
Armour         | |  0.6
Stealth        | |  2.3
Shields        | |  0.6
Unarmed Combat | |  0.6
Spellcasting   | |  2.8
Conjurations   | |  0.4
Hexes          | |  0.4
Summonings     | |  0.4
Necromancy     | |  0.4
Translocations | |  0.4
Transmutations | |  0.4
Fire Magic     | |  0.4
Ice Magic      | |  0.4
Air Magic      | |  0.4
Earth Magic    | |  0.4
Poison Magic   | |  0.4
Invocations    | |  0.8
Evocations     | |  2.5

Action                   || total
-------------------------++-------
Melee: Hand axe          ||    18
       Bite              ||     3
  Use: Potion            ||     1
Armor: Leather armour    ||     4
Dodge: Dodged            ||    16

Table legend: (Time is in decaauts)
 A = Elapsed time spent in this place.
 B = Non-inter-level travel time spent in this place.
 C = Inter-level travel time spent in this place.
 D = Time resting spent in this place.
 E = Time spent auto-exploring this place.
 F = Levels seen in this place.
 G = Mean time per level.
                   A        B        C        D        E       F      G
               +--------+--------+--------+--------+--------+-----+--------+
         Total |     55 |     55 |      0 |      0 |      0 |   1 |   55.0 |
       Dungeon |     55 |     55 |      0 |      0 |      0 |   1 |   55.0 |
               +--------+--------+--------+--------+--------+-----+--------+

Top non-repeatable levels by time:
       D: 55 daAuts
